 Dungeon Crawl Stone Soup version 0.29.1-debian-1-gc3f1650bb9 (webtiles) character file.

Game seed: 13581511535031270455

20713 Pilot the Blocker (level 13, -7/101 HPs)
             Began as a Formicid Fighter on Sept 12, 2022.
             Was an Initiate of Gozag.
             Mangled by an ogre
             ... wielding a +0 giant spiked club
              (25 damage)
             ... on level 7 of the Dungeon.
             The game lasted 01:40:36 (12133 turns).

Pilot the Blocker (Formicid Fighter)               Turns: 12133, Time: 01:40:37

Health: -7/101     AC: 25    Str: 24    XL:     13   Next: 14%
Magic:  18/18      EV:  9    Int: 14    God:    Gozag
Gold:   1879       SH:  7    Dex: 15    Spells: 18/18 levels left

rFire   . . .      SeeInvis +   g - +0 demon trident (venom)
rCold   . . .      Faith    +   c - +0 buckler
rNeg    . . .      Spirit   .   O - +2 plate armour
rPois   .          Reflect  .   (helmet unavailable)
rElec   .          Harm     .   C - +0 cloak
rCorr   +          Rampage  .   Z - +2 pair of gloves
Will    +....                   (no boots)
Stlth   ..........              s - amulet "Ilung" {Faith Regen+}
HPRegen 1.06/turn               T - +4 ring of protection
MPRegen 0.16/turn               f - ring "Beakoil" {rCorr Int+6}

@: no status effects
A: permanent stasis, dig shafts and tunnels, antennae 3, four strong arms
a: Dig, Shaft Self, Renounce Religion, Potion Petition, Call Merchant, Bribe
Branch


You were on level 7 of the Dungeon.
You worshipped Gozag.
Gozag was most pleased with you.
You visited 3 branches of the dungeon, and saw 14 of its levels.

You collected 2820 gold pieces.
You spent 907 gold pieces at shops.
You paid 34 gold pieces to Gozag.

Inventory:

Hand Weapons
 a - a +1 scimitar of flaming
 g - a +0 demon trident of venom (weapon)
 L - a +2 long sword
Missiles
 e - a javelin
 k - 2 throwing nets
 w - 58 poisoned darts
 B - 5 atropa-tipped darts
 I - 7 boomerangs
 S - 3 silver boomerangs
 X - 2 curare-tipped darts
Armour
 c - a +0 buckler (worn)
 A - a +3 leather armour of willpower
 C - a +0 cloak (worn)
 O - a +2 plate armour (worn)
 R - a +0 kite shield
 Y - a +2 hat
 Z - a +2 pair of gloves (worn)
Magical Staves
 M - a staff of fire
Jewellery
 f - the ring "Beakoil" (right hand) {rCorr Int+6}
   (You found it on level 2 of the Dungeon)

   [ring of resist corrosion]

   Int:       It affects your intelligence (+6).
   rCorr:     It protects you from acid and corrosion.
 i - an amulet of reflection
 s - the amulet "Ilung" (around neck) {Faith Regen+}
   (You found it on level 2 of the Dungeon)

   [amulet of faith]

   It allows you to gain divine favour quickly.
   Regen:     It increases your rate of health regeneration.
 F - an amulet of the acrobat
 T - a +4 ring of protection (left hand)
 W - a +6 ring of dexterity
Wands
 t - a wand of charming (13)
 y - a wand of mindburst (6)
 K - a wand of polymorph (10)
Scrolls
 b - 3 scrolls of magic mapping
 j - 6 scrolls of identify
 m - 5 scrolls of amnesia
 n - a scroll of immolation {unknown}
 u - a scroll of fear
 v - a scroll of butterflies {unknown}
 z - 3 scrolls of enchant weapon
 D - 2 scrolls of brand weapon
 H - a scroll of silence {unknown}
 N - 2 scrolls of poison
 Q - a scroll of noise {unknown}
 U - a scroll of vulnerability {unknown}
Potions
 d - a potion of might
 h - 2 potions of attraction
 l - 6 potions of degeneration
 o - 2 potions of cancellation
 p - 3 potions of flight {unknown}
 q - 3 potions of curing
 r - 2 potions of berserk rage
 x - a potion of magic {unknown}
 J - a potion of resistance {unknown}
 P - a potion of lignification {unknown}
Miscellaneous
 E - a lightning rod (4/4)


   Skills:
 + Level 9.5 Fighting
 - Level 2.4 Long Blades
 + Level 6.8 Polearms
 + Level 8.5 Throwing
 * Level 10.1 Armour
 - Level 5.7 Dodging
 - Level 8.9 Stealth
 + Level 11.4 Shields
 - Level 3.4 Spellcasting
 - Level 3.8 Evocations


You had 18 spell levels left.
You didn't know any spells.
Your spell library contained the following spells:

 Spells                   Type           Power      Damage    Failure   Level
 Ensorcelled Hibernation  Hex/Ice        4%         N/A       98%         2
 Ignite Poison            Fire/Tmut/Pois 2%         N/A       100%        3
 Spider Form              Tmut/Pois      2%         N/A       100%        3
 Stone Arrow              Conj/Erth      4%         3d7       100%        3
 Airstrike                Air            1%         2d(1-17)  100%        4
 Anguish                  Hex/Necr       1%         N/A       100%        4
 Animate Armour           Summ/Erth      4%         N/A       100%        4
 Sticky Flame             Conj/Fire      2%         2d3       100%        4
 Summon Lightning Spire   Summ/Air       2%         N/A       100%        4
 Freezing Cloud           Conj/Ice/Air   1%         6-21      100%        5
 Lightning Bolt           Conj/Air       1%         1d12      100%        5
 Summon Forest            Summ/Tloc      1%         N/A       100%        5
 Summon Mana Viper        Hex/Summ       2%         N/A       100%        5
 Summon Cactus Giant      Summ           1%         N/A       100%        6
 Lehudib's Crystal Spear  Conj/Erth      1%         10d2      100%        8
 Polar Vortex             Ice            1%         N/A       100%        9
 Simulacrum               Ice/Necr       Unusable   N/A       N/A         6

Dungeon Overview and Level Annotations

Branches:
Dungeon (10/15)            Temple (1/1) D:4            Lair (3/5) D:9
  Swamp (0/4) Lair:3
  Snake: Lair:2-3    Spider: Lair:2-3       Orc: D:9-12

Altars:
Ashenzari
Cheibriados
Dithmenos
Elyvilon
Fedhas
Gozag
Hepliaklqana
Kikubaaqudgha
Makhleb
Nemelex Xobeh
Okawaru
Qazlal
Ru
Sif Muna
Trog
Uskayaw
Vehumet
Wu Jian
Xom
Yredelemnul
Zin
The Shining One

Shops:
D:2 ?   D:3 *   D:6 **   D:9 *

Annotations:
D:7 1 transporter, ytrimaz's ghost, novice FoFi
D:9 exclusion: orange crystal statue


Innate Abilities, Weirdness & Mutations

You cannot be hasted, slowed, berserked, paralysed or teleported.
You can dig through walls and to a lower floor.
You have a pair of large antennae on your head. (SInv)
Your four strong arms can wield two-handed weapons with a shield.


Message History

Ytrimaz's ghost whispers, "The ORB doesn't exist."
Aiming: Charm
Press: ? - help, Shift-Dir - straight line, f/p - ogre
Aim: an ogre, wielding a +0 giant spiked club (berserk, chance to affect: 59%)
The ogre resists with significant effort.
You block the ogre's attack.
You puncture the moth of wrath!
The moth of wrath is moderately wounded.
You block the ogre's attack. The moth of wrath bites you.
The moth of wrath bites you but does no damage.
You closely miss the moth of wrath.
The moth of wrath is moderately wounded.
The ogre closely misses you. The moth of wrath bites you!
You barely miss the moth of wrath.
The moth of wrath is moderately wounded.
The ogre hits you with a +0 giant spiked club!!!
The moth of wrath bites you but does no damage.
You block the orc warrior's attack.
You barely miss the moth of wrath.
The moth of wrath is moderately wounded.
The ogre hits you with a +0 giant spiked club!!
* * * LOW HITPOINT WARNING * * *
You block the moth of wrath's attack.
The orc warrior hits you from afar with a +0 halberd.
* * * LOW HITPOINT WARNING * * *
The orc warrior barely misses you.
As you read the scroll of fear, it crumbles to dust.
You assume a fearsome visage.
The ogre is unaffected.
Ytrimaz's ghost is unaffected.
The orc warrior looks frightened!
The moth of wrath looks frightened!
The orc warrior looks frightened! x2
You block the ogre's attack.
You barely miss the ogre. The ogre barely misses you.
The orc warrior howls, "Help!"
The orc warrior shouts, "No!
I'll never do that again!"
Ytrimaz's ghost hits you!
* * * LOW HITPOINT WARNING * * *
You feel better.
The ogre hits you with a +0 giant spiked club!!
You die...
Your body crumbles into a pile of gold.

.#........#####.....##.#.#
........###...###...##.#.#
#......###.#....##..##.#.#
#.#.#..#.####...o#..##.#.#
....#.##..#≈#o..y##..#.#.#
#.#...#o..#[......#......#
#.#..©#o...._.#..©#©.#.###
#.#...#..##(..≈#OW#..#.#
#.#.#.##.#≈#.###@##..#.#
#.#.#..#####....##..##.#
....#..###.....=##..##.#
#.......###.o.###..###.#
######....#####........#
##...........######
###.......#.#
#.)...#)###.# #.###.#.#
#.#


You could see a moth of wrath (fleeing), 3 orc warriors, an ogre (berserk) and
ytrimaz's ghost.

Vanquished Creatures
  Gastronok (Lair:1)
  A hydra (Lair:2)
  Erica (D:8)
  2 two-headed ogres
  A deep elf pyromancer (D:10)
  A moth of wrath (D:8)
  2 black mambas
  2 gargoyles (D:10)
  A cane toad (Lair:2)
  A spectral unseen horror (D:9)
  6 komodo dragons
  2 kobold demonologists
  3 unseen horror skeletons (D:9)
  2 trolls
  A polar bear (Lair:2)
  Grinder (D:3)
  8 blink frogs
  2 shadows (D:10)
  2 wraiths (D:10)
  A wyvern (Lair:1)
  A basilisk (Lair:1)
  13 yaks
  2 vampire mosquitoes (D:10)
  9 water moccasins
  2 acid dragons
  An ice beast (D:5)
  An orc warrior (D:9)
  A sky beast (D:7)
  2 black bears
  3 ogres
  3 centaurs
  6 wolves (Lair:1)
  A phantom (D:5)
  Blork the orc (D:5)
  15 kobold brigands
  8 bullfrogs
  3 scorpions (D:6)
  3 wights
  9 killer bees
  2 electric eels (Lair:1)
  2 howler monkeys
  3 hounds
  2 jellies
  A gnoll bouda (D:6)
  3 orc priests
  Jessica (D:3)
  Ijyb (D:3)
  10 orc wizards
  A howler monkey zombie (D:9)
  2 adders
  5 gnolls
  A shadow imp (D:6)
  A white imp (D:7)
  An ufetubus (D:5)
  2 worms
  3 dart slugs
  26 orcs
  8 bats
  8 endoplasms
  5 giant cockroaches
  7 goblins
  8 hobgoblins
  4 jackals (D:4)
  3 quokkas
  9 ball pythons
  4 frilled lizards
  15 kobolds
  2 rats
265 creatures vanquished.

Vanquished Creatures (collateral kills)
  Harold (D:10)
  2 vampire mosquitoes (D:10)
  A centaur (D:10)
  A wight (D:8)
  An orc (D:8)
6 creatures vanquished.

Vanquished Creatures (others)
  2 yaks
  A killer bee (D:10)
  A gnoll (D:6)
  9 bushes (Lair:1)
  8 fungi (Lair:1)
  13 plants
34 creatures vanquished.

Grand Total: 305 creatures vanquished

Notes
Turn   | Place    | Note
-------+----------+-------------------------------------------
     0 | D:1      | Pilot the Formicid Fighter began the quest for the Orb.
     0 | D:1      | Reached XP level 1. HP: 18/18 MP: 1/1
    39 | D:1      | You fall into a shaft and drop 1 floor!
   126 | D:2      | Identified the ring "Beakoil" {rCorr Int+6}
   181 | D:2      | Reached XP level 2. HP: 24/24 MP: 2/2
   302 | D:1      | Found a faded altar of an unknown god.
   364 | D:1      | Reached XP level 3. HP: 29/29 MP: 3/3
  1320 | D:2      | Reached XP level 4. HP: 24/37 MP: 4/4
  1781 | D:2      | Identified the amulet "Ilung" {Faith Regen+}
  1843 | D:2      | Found Meduan's Magic Scroll Boutique.
  1850 | D:2      | Bought a scroll of identify for 26 gold pieces
  2096 | D:3      | Reached skill level 1 in Stealth
  2121 | D:3      | Noticed Grinder
  2137 | D:3      | Killed Grinder
  2138 | D:3      | Reached skill level 1 in Throwing
  2138 | D:3      | Reached skill level 1 in Dodging
  2138 | D:3      | Reached skill level 5 in Shields
  2138 | D:3      | Reached XP level 5. HP: 28/43 MP: 5/5
  2138 | D:3      | Reached XP level 6. HP: 32/49 MP: 6/6
  2226 | D:3      | Noticed Jessica
  2252 | D:3      | Killed Jessica
  2593 | D:3      | Found Aluoba's Assorted Antiques.
  2593 | D:3      | Noticed Ijyb
  2605 | D:3      | Killed Ijyb
  2606 | D:3      | Reached XP level 7. HP: 47/55 MP: 7/7
  2818 | D:2      | Bought a scroll of teleportation for 39 gold pieces
  2948 | D:4      | Found a staircase to the Ecumenical Temple.
  2958 | Temple   | Entered the Ecumenical Temple
  3678 | Temple   | Became a worshipper of Gozag Ym Sagoz the Greedy
  3744 | D:5      | Entered Level 5 of the Dungeon
  3903 | D:5      | Found a bloodstained altar of Trog.
  3989 | D:5      | Reached skill level 6 in Shields
  4070 | D:5      | Reached skill level 5 in Armour
  4110 | D:5      | Reached skill level 5 in Fighting
  4110 | D:5      | Reached XP level 8. HP: 62/62 MP: 8/8
  4311 | D:5      | Noticed Blork the orc
  4319 | D:5      | Killed Blork the orc
  4971 | D:3      | Bought a coppery potion for 21 gold pieces
  5094 | D:2      | Bought a scroll of enchant weapon for 97 gold pieces
  5094 | D:2      | Bought a scroll of poison for 52 gold pieces
  5094 | D:2      | Bought a scroll of amnesia for 52 gold pieces
  5094 | D:2      | Bought a scroll of identify for 26 gold pieces
  5094 | D:2      | Bought a scroll of identify for 26 gold pieces
  5094 | D:2      | Bought a scroll of identify for 26 gold pieces
  5483 | D:6      | Found Gacae's General Store.
  5524 | D:6      | Reached skill level 5 in Stealth
  5524 | D:6      | Reached skill level 7 in Shields
  5524 | D:6      | Reached XP level 9. HP: 32/69 MP: 9/9
  5537 | D:6      | Found a snail-covered altar of Cheibriados.
  5537 | D:6      | Found a glowing golden altar of the Shining One.
  5630 | D:6      | Bought a potion of attraction for 30 gold pieces
  5727 | D:6      | Found Qanyvicsav's Neck Hole.
  5738 | D:6      | Reached skill level 1 in Polearms
  5776 | D:6      | Reached skill level 1 in Spellcasting
  5776 | D:6      | Reached skill level 1 in Evocations
  6014 | D:7      | Found a transporter.
  6023 | D:7      | Noticed a moth of wrath
  6024 | D:7      | Noticed ytrimaz's ghost (novice FoFi)
  6044 | D:7      | Found a bloodstained altar of Trog.
  6645 | D:7      | Found a transporter.
  6803 | D:6      | Bought a +4 ring of protection for 360 gold pieces
  6899 | D:8      | Noticed Erica
  6912 | D:8      | Killed Erica
  6913 | D:8      | Reached skill level 8 in Shields
  6913 | D:8      | Reached XP level 10. HP: 44/77 MP: 12/14
  6928 | D:8      | Noticed a two-headed ogre
  6931 | D:8      | Noticed a moth of wrath
  6931 | D:8      | a two-headed ogre changed into a moth of wrath
  6974 | D:8      | Killed a moth of wrath
  6975 | D:8      | Reached skill level 5 in Throwing
  6995 | D:8      | Noticed a two-headed ogre
  7221 | D:8      | Killed a two-headed ogre
  7667 | D:9      | Noticed an orange crystal statue
  7773 | D:9      | Identified the +3 leather armour of Omunoeh {rElec rF+ rC-
                  | Int+2}
  7886 | D:9      | Found a staircase to the Lair.
  7904 | D:9      | Found Enierch's General Store.
  7913 | D:9      | Bought a scroll of summoning for 152 gold pieces
  8101 | D:9      | Noticed a kobold demonologist
  8109 | D:9      | Killed a kobold demonologist
  8147 | D:9      | Reached XP level 11. HP: 82/84 MP: 16/16
  8167 | D:9      | Reached skill level 9 in Shields
  9116 | Lair:1   | Entered Level 1 of the Lair of Beasts
  9440 | Lair:1   | Reached skill level 5 in Polearms
  9452 | Lair:1   | Noticed Gastronok
  9478 | Lair:1   | Killed Gastronok
  9504 | Lair:1   | Reached skill level 5 in Dodging
  9508 | Lair:1   | Reached skill level 10 in Shields
  9516 | Lair:1   | Reached XP level 12. HP: 88/94 MP: 17/17
 10414 | Lair:2   | Noticed a seven-headed hydra
 10437 | Lair:2   | Killed a seven-headed hydra
 11075 | Lair:3   | Found a staircase to the Swamp.
 11243 | D:10     | Entered Level 10 of the Dungeon
 11285 | D:10     | Found a radiant altar of Vehumet.
 11509 | D:10     | Reached skill level 11 in Shields
 11530 | D:10     | Noticed a sixfirhy
 11537 | D:10     | Noticed a sun demon
 11611 | D:10     | Noticed a two-headed ogre
 11632 | D:10     | Killed a two-headed ogre
 11690 | D:10     | Reached XP level 13. HP: 101/101 MP: 18/18
 11846 | D:10     | Noticed Harold
 11855 | D:10     | Killed Harold
 11856 | D:10     | Reached skill level 10 in Armour
 12133 | D:7      | Mangled by an ogre

Illustrated notes

Levels and vault maps discovered:
D:1:      saegor_arrival_simple_a, layout_basic,
          shapermc_ecumenical_altar_starsandcircs, minmay_domino_4
D:2:      minmay_razor_zed, layout_basic, serial_shops,
          nicolae_shop_behind_doors, chequers_avenue, minmay_misc_feat_iff,
          kennysheep_cluttered_room, dk_noncrumbling_3
D:3:      layout_loops_cross, serial_shops, nicolae_shop_overgrown_old_shop,
          serial_park_tiny_1, uniq_ijyb, uniq_jessica, uniq_grinder
D:4:      layout_loops_ring, temple_statues
D:5:      layout_loops_corners, lemuel_round_altar, uniq_blork_the_orc
D:6:      layout_loops_ring, grunt_temple_overflow_open, serial_shops, shop,
          nicolae_shop_sticking_my_neck_out
D:7:      layout_loops_ring, gammafunk_ghost_wrathful_warriors,
          kennysheep_generic_room_9
D:8:      layout_rooms, uniq_erica
D:9:      layout_basic, lair_entry_dummy, special_room [special_room_kobold],
          serial_shops, shop, hangedman_weighted_door, minivault_16
D:10:     minmay_polygon_palace, layout_loops_ring, vehumet_crystals,
          uniq_harold
Temple:   nicolae_temple_no_exploring_needed
Lair:1:   layout_chaotic_city, minmay_hedge_maze, serial_bayou_lagoon_b,
          uniq_gastronok
Lair:2:   layout_misc_corridors, st_stairs_12
Lair:3:   layout_cave_pods, minmay_swamp_entry_eels,
          spider_nest_entry_web_field, st_stairs_4, beast_lair_carwin_9

Skill      XL: |  1  2  3  4  5  6  7  8  9 10 11 12 13 |
---------------+----------------------------------------+-----
Stealth        | 2 3 5 6 7 8 |  8.9
Fighting       | 4 5 6 7 8 9 |  9.5
Throwing       | 1 2 3 4 5 6 8 |  8.5
Armour         | 4 5 6 7 8 9 10 | 10.1
Dodging        | 1 2 3 5 |  5.7
Shields        | 5 6 7 8 10 11 | 11.4
Polearms       | 2 3 5 6 |  6.8
Spellcasting   | 2 3 |  3.4
Evocations     | 2 3 |  3.8
Long Blades    | |  2.4

Action                   |  1- 3 |  4- 6 |  7- 9 | 10-12 | 13-15 || total
-------------------------+-------+-------+-------+-------+-------++-------
Melee: Long sword        |    19 |       |       |       |       ||    19
       Demon trident     |    62 |    85 |   245 |   615 |    31 ||  1038
Throw: Boomerang         |       |     5 |     8 |    16 |       ||    29
       Dart              |       |     3 |    14 |    44 |     1 ||    62
       Javelin           |       |       |       |       |     5 ||     5
 Abil: Dig               |     1 |       |       |     1 |       ||     2
Evoke: Wand              |       |       |     1 |    11 |     4 ||    16
       Lightning rod     |       |       |       |     3 |       ||     3
  Use: Scroll            |       |       |     4 |     9 |     1 ||    14
       Potion            |       |       |     2 |     9 |     1 ||    12
 Stab: Invisible         |       |       |     3 |       |       ||     3
       Distracted        |       |       |     1 |    10 |       ||    11
Armor: Scale mail        |    17 |       |       |       |       ||    17
       Chain mail        |    25 |    44 |    66 |       |       ||   135
       Plate armour      |       |       |    82 |   502 |    15 ||   599
Dodge: Dodged            |    31 |    38 |   110 |   292 |    18 ||   489
Block: Buckler           |    29 |    24 |    70 |   233 |    16 ||   372
